 Dungeon Crawl Stone Soup version 0.21-a0-400-g417d9d2 (webtiles) character file.

10276 Moloch the Cleaver (level 11, -1/90 HPs)
             Began as a Mummy Fighter on Oct 20, 2017.
             Was an Elder of Okawaru.
             Slain by a white ugly thing (15 damage)
             ... on level 11 of the Dungeon.
             The game lasted 00:22:50 (12768 turns).

Moloch the Cleaver (Mummy Fighter)                 Turns: 12768, Time: 00:22:51

Health: -1/90      AC: 17    Str: 20    XL:     11   Next: 34%
Magic:  13/14      EV:  5    Int:  8    God:    Okawaru [****..]
Gold:   423        SH: 16    Dex: 16    Spells: 8/10 levels left

rFire    x . .     SeeInvis .   D - +1 hand axe (flame)
rCold    + . .     Gourm    .   t - +0 large shield
rNeg     + + +     Faith    .   y - +0 plate armour
rPois    ∞         Spirit   .   (no helmet)
rElec    .         Reflect  .   v - +1 cloak
rCorr    .         Harm     .   r - +0 pair of gloves (curse)
MR       +....                  (no boots)
Stlth    ..........             (no amulet)
HPRegen  0.25/turn              q - +2 ring of dexterity
MPRegen  0.14/turn              (no ring)

@: heroism
A: no food or potions, fire vulnerability, cold resistance 1, negative energy
resistance 3, torment resistance, unbreathing
a: Heroism, Renounce Religion


You were on level 11 of the Dungeon.
You worshipped Okawaru.
Okawaru was greatly pleased with you.
You were not hungry.

You visited 2 branches of the dungeon, and saw 12 of its levels.

You collected 547 gold pieces.
You spent 124 gold pieces at shops.

Inventory:

Hand Weapons
 a - a +0 war axe
 o - a +0 blowgun
 z - a +3 morningstar
 D - a +1 hand axe of flaming (weapon)
Missiles
 e - 2 throwing nets
 k - 6 tomahawks (quivered)
 p - 23 poisoned needles
Armour
 c - a +0 shield
 r - a cursed +0 pair of gloves (worn)
 t - a +0 large shield (worn)
 v - a +1 cloak (worn)
 y - a +0 plate armour (worn)
Jewellery
 q - a +2 ring of dexterity (left hand)
 E - an uncursed ring of magical power {unknown}
Wands
 x - a wand of polymorph (1/24)
 A - a wand of digging (2/24)
 B - a wand of digging (12/24)
 C - a wand of confusion (19/48)
Scrolls
 b - 6 scrolls of blinking {unknown}
 d - a scroll of amnesia {unknown}
 f - 9 scrolls of teleportation
 g - 3 scrolls of immolation {unknown}
 h - a scroll of fear {unknown}
 i - 6 scrolls of remove curse {unknown}
 j - 2 scrolls of enchant weapon
 l - 2 scrolls of random uselessness {unknown}
 m - 2 scrolls of magic mapping
 n - 2 scrolls of enchant armour
 s - a scroll of fog
 u - a scroll of summoning
 w - a scroll of noise {unknown}


   Skills:
 + Level 9.8(14.8) Fighting
 + Level 12.2(17.2) Axes
 - Level 2.4(7.4) Armour
 - Level 2.4(7.4) Shields
 * Level 4.1 Invocations


You had 8 spell levels left.
You knew the following spells:

 Your Spells              Type           Power        Failure   Level  Hunger
a - Song of Slaying       Chrm           #.......     100%        2    N/A

Dungeon Overview and Level Annotations

Branches:
Dungeon (11/15)            Temple (1/1) D:7            Lair (0/6) D:10
    Orc (0/2) D:11

Altars:
Cheibriados
Elyvilon
Gozag
Hepliaklqana
Makhleb
Nemelex Xobeh
Okawaru
Ru
Uskayaw
Vehumet
Wu Jian
Xom
Zin
The Shining One

Shops:
D:6 *   D:7 *}:

Portals:
Ice
Cave: D:11


Innate Abilities, Weirdness & Mutations

You do not eat or drink.
Your flesh is vulnerable to fire.
You are immune to poison.
Your flesh is cold resistant. (rC+)
You are immune to negative energy. (rN+++)
You are immune to unholy pain and torment.
You can survive without breathing.


Message History

The white ugly thing is severely wounded.
The white ugly thing engulfs you. The white ugly thing freezes you! You resist.
You hit the white ugly thing but do no damage.
The white ugly thing is severely wounded.
You block the white ugly thing's attack.
You barely miss the white ugly thing.
The white ugly thing is severely wounded.
You hit the white ugly thing. You burn the white ugly thing.
The white ugly thing is almost dead.
The white ugly thing engulfs you. The white ugly thing freezes you! You resist.
You closely miss the white ugly thing.
The white ugly thing is severely wounded.
The white ugly thing engulfs you. The white ugly thing freezes you! You resist.
* * * LOW HITPOINT WARNING * * *
You hit the white ugly thing but do no damage.
The white ugly thing is severely wounded.
The white ugly thing engulfs you.
* * * LOW HITPOINT WARNING * * *
The white ugly thing freezes you! You resist.
You die...

***,* ***** *,,***,..*****,*,***
*,* #..***,..,,,,,,*,**, ***,*
#..,,,*.#*****,*,**, ,,,,*
#.#****.# *,*,**, **,,*
#.#####.# *,*,,,, **,,*
#.......* *,,,,,, ,,,,*
#......#* *****,,
,#,###########5####.######## ***
.#.#5.....5555yu@.........<#
555..##5##.###y####.######.#****
.###.##.##..55......# #...,,* ,*
#u##..#..##.#.##.# #.....* **
#.###.#..##....#.# #.....#
#..,,......T.,.#.# #.....#
##.#*..#y##......# **#?....#
*.#*..#y..:..,..# *,......#
*.#*,,,,,**,,,,,* *,***,*,*


You could see a white ugly thing, 2 killer bees and 7 white imps.

Vanquished Creatures
  A hydra (D:10)
  A two-headed ogre (D:10)
  Pikel (D:9)
  An oklob plant (D:10)
  A troll (D:11)
  2 dream sheep (D:10)
  A hippogriff (D:8)
  Sigmund (D:5)
  5 yaks
  A wyvern (D:8)
  Duvessa (D:4)
  Edmund (D:5)
  The ghost of Kavrick the Skirmisher, an amateur OgMo (D:4)
  A swamp drake (D:6)
  5 ice beasts
  4 sky beasts
  2 phantoms
  A necrophage (D:8)
  6 ogres
  A centaur (D:5)
  A crocodile (D:11)
  4 big kobolds
  8 bullfrogs
  Dowan (D:4)
  A scorpion (D:8)
  18 killer bees
  13 wights
  2 howler monkeys
  4 bullfrog zombies
  2 centaur zombies
  6 crimson imps
  7 hounds
  6 bullfrog skeletons
  5 jellies
  4 orc priests
  5 orc wizards
  2 gnoll shamans
  3 iguanas
  9 worker ants
  A killer bee zombie (D:5)
  3 hound skeletons
  12 gnolls
  A howler monkey skeleton (D:8)
  13 adders
  3 shadow imps
  An ooze (D:7)
  3 adder zombies
  3 adder skeletons
  4 worms
  A dart slug (D:2)
  15 leopard geckos
  24 orcs
  3 giant cockroaches
  7 goblins
  7 hobgoblins
  15 jackals
  11 kobolds
  7 quokkas
  A ball python (D:4)
  9 bats
  7 frilled lizards
  A giant cockroach zombie (D:5)
  A leopard gecko skeleton (D:9)
  2 quokka skeletons (D:4)
  A quokka zombie (D:7)
  6 rats
  3 plants (D:10)
304 creatures vanquished.

Notes
Turn   | Place    | Note
-------+----------+-------------------------------------------
     0 | D:1      | Moloch the Mummy Fighter began the quest for the Orb.
     0 | D:1      | Reached XP level 1. HP: 18/18 MP: 1/1
   122 | D:1      | Reached skill level 2 in Axes
   122 | D:1      | Reached XP level 2. HP: 5/24 MP: 2/2
   524 | D:1      | Reached XP level 3. HP: 18/30 MP: 3/3
  1418 | D:2      | Reached XP level 4. HP: 36/37 MP: 4/4
  1511 | D:2      | Found an ornate altar of the Wu Jian Council.
  1533 | D:2      | Reached skill level 3 in Axes
  1613 | D:2      | Found a snail-covered altar of Cheibriados.
  2309 | D:2      | Reached XP level 5. HP: 43/43 MP: 5/5
  2581 | D:3      | Reached skill level 4 in Axes
  2912 | D:4      | Reached XP level 6. HP: 49/49 MP: 6/6
  3359 | D:4      | Noticed Duvessa
  3359 | D:4      | Noticed Dowan
  3427 | D:4      | Killed Duvessa
  3427 | D:4      | Reached skill level 5 in Fighting
  3427 | D:4      | Reached skill level 5 in Axes
  3555 | D:3      | Reached XP level 7. HP: 54/56 MP: 7/7
  3888 | D:4      | Killed Dowan
  3966 | D:4      | Noticed Kavrick's ghost (amateur OgMo)
  4355 | D:4      | Reached skill level 6 in Axes
  4443 | D:5      | Entered Level 5 of the Dungeon
  4794 | D:5      | Noticed Edmund
  5128 | D:4      | Killed Kavrick's ghost
  5128 | D:4      | Reached XP level 8. HP: 54/64 MP: 8/8
  5213 | D:5      | Reached skill level 7 in Axes
  5283 | D:5      | Found a hazy altar of Hepliaklqana.
  5759 | D:5      | Noticed Sigmund
  5771 | D:5      | Killed Sigmund
  5884 | D:6      | Found Xulitt's Assorted Antiques.
  5892 | D:6      | Reached skill level 8 in Axes
  5901 | D:6      | Bought an iron wand for 124 gold pieces
  6290 | D:6      | Reached XP level 9. HP: 33/71 MP: 9/9
  6695 | D:5      | Killed Edmund
  6695 | D:5      | Reached skill level 9 in Axes
  8133 | D:7      | Found Puuvvat's Gadget Boutique.
  8176 | D:7      | Found Lopury's Book Shop.
  8229 | D:7      | Found a shimmering altar of Xom.
  8372 | D:6      | Reached skill level 10 in Axes
  9155 | D:7      | Reached XP level 10. HP: 77/80 MP: 10/10
  9165 | D:7      | Found a sparkling altar of Nemelex Xobeh.
  9182 | D:7      | Found a staircase to the Ecumenical Temple.
  9304 | Temple   | Entered the Ecumenical Temple
  9315 | Temple   | Became a worshipper of Warmaster Okawaru
  9549 | D:7      | Found Veucauf's General Store.
  9904 | D:8      | Reached skill level 1 in Invocations
  9982 | D:8      | Reached * piety under Okawaru
 10690 | D:9      | Found a hide-covered altar of Uskayaw.
 10816 | D:9      | Learned a level 2 spell: Song of Slaying
 10848 | D:9      | Reached skill level 11 in Axes
 10942 | D:9      | Noticed Pikel
 10958 | D:9      | Killed Pikel
 10958 | D:9      | Reached ** piety under Okawaru
 10971 | D:9      | Found a glowing golden altar of the Shining One.
 11369 | D:10     | Entered Level 10 of the Dungeon
 11729 | D:10     | Found a staircase to the Lair.
 11729 | D:10     | Noticed an oklob plant
 11907 | D:10     | Killed an oklob plant
 11907 | D:10     | Reached *** piety under Okawaru
 12039 | D:10     | Reached XP level 11. HP: 61/89 MP: 13/13
 12199 | D:10     | Noticed a two-headed hydra
 12213 | D:10     | Killed a one-headed hydra
 12213 | D:10     | Reached **** piety under Okawaru
 12294 | D:10     | Reached skill level 12 in Axes
 12347 | D:10     | Noticed a two-headed ogre
 12358 | D:10     | Killed a two-headed ogre
 12738 | D:11     | Found a frozen archway.
 12739 | D:11     | Noticed a white ugly thing
 12768 | D:11     | Slain by a white ugly thing

Vault maps used:
D:1:      dpeg_arrival_short_road
D:2:      lemuel_crystal_altar, cheibriados_altar_1, minmay_joined_circles
D:4:      uniq_duvessa
D:5:      nicolae_overflow_hidden_temple, first_bread, sigmund_edmund_badplayer
D:6:      serial_shops, nicolae_shop_trees
D:7:      lemuel_coloured_pillars_altar, lemuel_crystal_altar,
          minmay_temple_entry_glassed_door, serial_shops, kennysheep_mini, shop,
          nicolae_shop_behind_doors
D:9:      kennysheep_little_box, lemuel_doored_altar, uniq_pikel
D:10:     dpeg_oklobed_lair, hangedman_ranch, st_stairs_8
D:11:     david_orc_2, serial_shops, shop, portal_ice_cave_entry_imps
Temple:   eino_wide_crystal_templ

Skill      XL: |  1  2  3  4  5  6  7  8  9 10 11 |
---------------+----------------------------------+-----
Axes           | 2 3 4 5 6 8 10 11 12 | 12.2
Fighting       | 4 5 6 8 9 |  9.8
Invocations    | 3 4 |  4.1
Armour         | |  2.4
Shields        | |  2.4

Action                   |  1- 3 |  4- 6 |  7- 9 | 10-12 || total
-------------------------+-------+-------+-------+-------++-------
Melee: War axe           |   110 |   231 |   623 |   482 ||  1446
       Hand axe          |       |       |       |    27 ||    27
 Fire: Blowgun           |       |     5 |     5 |       ||    10
Invok: Heroism           |       |       |       |     4 ||     4
Evoke: Wand              |       |       |     9 |     1 ||    10
  Use: Scroll            |       |       |     3 |     6 ||     9
Armor: Scale mail        |    52 |    72 |       |       ||   124
       Chain mail        |       |    43 |    91 |       ||   134
       Plate armour      |       |       |   258 |   223 ||   481
Dodge: Dodged            |    36 |    76 |    39 |    24 ||   175
Block: Shield            |    55 |   103 |    30 |       ||   188
       Large shield      |       |       |   482 |   311 ||   793

Table legend:
 A = Spawn XP
 B = Non-spawn XP
 C = Spawn XP percentage of total XP
 D = Spawn monster count
 E = Non-spawn monster count
 F = Spawn count percentage of total count
 G = Total turns spent on level
                    A         B        C        D         E        F      G
               +---------+---------+-------+---------+---------+-------+---------
         Total |       0 |   14681 |   0.0 |       0 |     301 |   0.0 | 12768
               +---------+---------+-------+---------+---------+-------+---------
           D:1 |       0 |      50 |   0.0 |       0 |      19 |   0.0 |  1028
           D:2 |       0 |     163 |   0.0 |       0 |      35 |   0.0 |  1186
           D:3 |       0 |     237 |   0.0 |       0 |      22 |   0.0 |  1157
           D:4 |       0 |     763 |   0.0 |       0 |      24 |   0.0 |  1246
           D:5 |       0 |    1195 |   0.0 |       0 |      27 |   0.0 |  1534
           D:6 |       0 |    2050 |   0.0 |       0 |      42 |   0.0 |  2271
           D:7 |       0 |    1222 |   0.0 |       0 |      35 |   0.0 |  1134
           D:8 |       0 |    1599 |   0.0 |       0 |      24 |   0.0 |  1077
           D:9 |       0 |    1785 |   0.0 |       0 |      30 |   0.0 |   815
          D:10 |       0 |    5080 |   0.0 |       0 |      40 |   0.0 |  1017
          D:11 |       0 |     537 |   0.0 |       0 |       3 |   0.0 |   284
               +---------+---------+-------+---------+---------+-------+---------
